TOP OF THE 1ST |
Salem Misfits batting - Pitching for Tacoma Fur Traders : RHP Pete Elliott
|
Pitching: RHP Pete Elliott
|
|
Batting: SHB Emílio Gonzáles
|
0-0: Ball 1-0: Ball 2-0: Ball 3-0: Foul Ball, location: 2F 3-1: Base on Balls
|
Batting: RHB Miguel Torres
|
0-0: Ball 1-0: Ball 2-0: Ball 3-0: Swinging Strike 3-1: Foul Ball, location: 2F 3-2: Strikes out looking Emílio Gonzáles steals 2nd base Batter strikes out.
|
Batting: RHB Steve Duncan
|
0-0: Called Strike 0-1: Ball Emílio Gonzáles steals 3rd base Single, Error in OF, E8, batter to second base Emílio Gonzáles scores
|
Batting: RHB Luis Martínez
|
0-0: Ball 1-0: Ball 2-0: Foul Ball, location: 2F 2-1: Ball 3-1: Foul Ball, location: 2F 3-2: SINGLE (Groundball, 6MD) Steve Duncan to third Runner from 3rd tries for Home, SAFE, no throw or cutoff
|
Batting: SHB Arturo Romero
|
0-0: Called Strike 0-1: Ball 1-1: Foul Ball, location: 2F 1-2: Ball 2-2: Ball 3-2: Base on Balls Luis Martínez to second
|
Batting: RHB Héctor Cantú
|
0-0: Ball 1-0: Foul Ball, location: 2F 1-1: Foul Ball, location: 2F 1-2: Strikes out looking
|
Batting: RHB Jim Unknown
|
0-0: Foul Ball, location: 2F 0-1: Fly out, F8 (Flyball, 8RS)
|
Top of the 1st over - 2 run(s), 2 hit(s), 1 error(s), 2 left on base; Salem 2 - Tacoma 0 |
BOTTOM OF THE 1ST |
Tacoma Fur Traders batting - Pitching for Salem Misfits : RHP José Vargo
|
Pitching: RHP José Vargo
|
|
Batting: RHB Ronald Hines
|
0-0: Called Strike 0-1: Ball 1-1: Swinging Strike 1-2: SINGLE (Flyball, 78S)
|
Batting: RHB Mike Daniels
|
0-0: Fielders Choice at 2nd, 5-4 (Groundball, 5)
|
Batting: SHB Jim Unknown
|
0-0: Called Strike 0-1: DOUBLE (Line Drive, 9LM) Mike Daniels to third
|
Batting: RHB Jim Unknown
|
0-0: Foul Ball, location: 2F 0-1: Ball 1-1: Foul Ball, location: 2F 1-2: Ground out 4-3 (Groundball, 4M) Mike Daniels scores Jim Unknown to third
|
Batting: SHB Jim Unknown
|
0-0: Called Strike 0-1: Called Strike 0-2: Ball 1-2: Foul Ball, location: 2F 1-2: Ground out 4-3 (Groundball, 4)
|
Bottom of the 1st over - 1 run(s), 2 hit(s), 0 error(s), 1 left on base; Salem 2 - Tacoma 1 |
TOP OF THE 2ND |
Salem Misfits batting - Pitching for Tacoma Fur Traders : RHP Pete Elliott
|
Batting: LHB Jim Unknown
|
0-0: Ball 1-0: Foul Ball, location: 2F 1-1: Ground out 5-3 (Groundball, 5)
|
Batting: RHB Jim Unknown
|
0-0: Ball 1-0: Foul Ball, location: 2F 1-1: SINGLE (Groundball, 56D) (infield hit)
|
Batting: SHB Emílio Gonzáles
|
0-0: Ball 1-0: SINGLE (Groundball, 34S) Jim Unknown to second Runner from 2nd tries for 3rd, SAFE, throw made to third
|
Batting: RHB Miguel Torres
|
0-0: Grounds into double play, U6-3 (Groundball, 6M)
|
Top of the 2nd over - 0 run(s), 2 hit(s), 0 error(s), 1 left on base; Salem 2 - Tacoma 1 |
BOTTOM OF THE 2ND |
Tacoma Fur Traders batting - Pitching for Salem Misfits : RHP José Vargo
|
Batting: RHB Gonzalo Manuel
|
0-0: Swinging Strike 0-1: Ball 1-1: Ground out 1-3 (Groundball, 15)
|
Batting: RHB Julián Salcido
|
0-0: Called Strike 0-1: Ball 1-1: Fly out, F3 (Popup, 23F)
|
Batting: SHB Artie Hemming
|
0-0: Called Strike 0-1: Foul Ball, location: 2F 0-2: Ball 1-2: Ball 2-2: Ball 3-2: Ground out 4-3 (Groundball, 4)
|
Bottom of the 2nd over - 0 run(s), 0 hit(s), 0 error(s), 0 left on base; Salem 2 - Tacoma 1 |
TOP OF THE 3RD |
Salem Misfits batting - Pitching for Tacoma Fur Traders : RHP Pete Elliott
|
Batting: RHB Steve Duncan
|
0-0: Ball 1-0: Foul Ball, location: 2F 1-1: Ball 2-1: Foul Ball, location: 2F 2-2: Strikes out swinging
|
Batting: RHB Luis Martínez
|
0-0: Called Strike 0-1: Foul Ball, location: 2F 0-2: Fly out, F8 (Flyball, 8RM)
|
Batting: SHB Arturo Romero
|
0-0: Ball 1-0: Ball 2-0: Ball 3-0: Called Strike 3-1: Fly out, F5 (Popup, 5SF)
|
Top of the 3rd over - 0 run(s), 0 hit(s), 0 error(s), 0 left on base; Salem 2 - Tacoma 1 |
BOTTOM OF THE 3RD |
Tacoma Fur Traders batting - Pitching for Salem Misfits : RHP José Vargo
|
Batting: RHB Jim Unknown
|
0-0: Fly out, F7 (Line Drive, 78S)
|
Batting: RHB Ronald Hines
|
0-0: Ball 1-0: Ball 2-0: Called Strike 2-1: Ball 3-1: Base on Balls
|
Batting: RHB Mike Daniels
|
0-0: Ball 1-0: Called Strike 1-1: Called Strike 1-2: Strikes out swinging
|
Batting: SHB Jim Unknown
|
0-0: Called Strike 0-1: Ball 1-1: Swinging Strike 1-2: Ball 2-2: Foul Ball, location: 2F 2-2: Fly out, F6 (Popup, 5DF)
|
Bottom of the 3rd over - 0 run(s), 0 hit(s), 0 error(s), 1 left on base; Salem 2 - Tacoma 1 |
TOP OF THE 4TH |
Salem Misfits batting - Pitching for Tacoma Fur Traders : RHP Pete Elliott
|
Batting: RHB Héctor Cantú
|
0-0: Foul Ball, location: 2F 0-1: Ball 1-1: Ball 2-1: Foul Ball, location: 2F 2-2: Ground out 5-3 (Groundball, 56)
|
Batting: RHB Jim Unknown
|
0-0: Called Strike 0-1: Foul Ball, location: 2F 0-2: Foul Ball, location: 2F 0-2: Strikes out looking
|
Batting: LHB Jim Unknown
|
0-0: Ball 1-0: Ball 2-0: Called Strike 2-1: Foul Ball, location: 2F 2-2: Fly out, F4 (Line Drive, 4)
|
Top of the 4th over - 0 run(s), 0 hit(s), 0 error(s), 0 left on base; Salem 2 - Tacoma 1 |
BOTTOM OF THE 4TH |
Tacoma Fur Traders batting - Pitching for Salem Misfits : RHP José Vargo
|
Batting: RHB Jim Unknown
|
0-0: Foul Ball, location: 2F 0-1: Ball 1-1: Ground out 5-3 (Groundball, 56S)
|
Batting: SHB Jim Unknown
|
0-0: Ball 1-0: Ground out 4-3 (Groundball, 4)
|
Batting: RHB Gonzalo Manuel
|
0-0: Ball 1-0: Swinging Strike 1-1: Ground out 6-3 (Groundball, 6M)
|
Bottom of the 4th over - 0 run(s), 0 hit(s), 0 error(s), 0 left on base; Salem 2 - Tacoma 1 |
TOP OF THE 5TH |
Salem Misfits batting - Pitching for Tacoma Fur Traders : RHP Pete Elliott
|
Batting: RHB Jim Unknown
|
0-0: Fly out, F7 (Flyball, 78S)
|
Batting: SHB Emílio Gonzáles
|
0-0: Ball 1-0: Foul Ball, location: 2F 1-1: Ball 2-1: Fly out, F8 (Flyball, 8RXD)
|
Batting: RHB Miguel Torres
|
0-0: Ground out 6-3 (Groundball, 6)
|
Top of the 5th over - 0 run(s), 0 hit(s), 0 error(s), 0 left on base; Salem 2 - Tacoma 1 |
BOTTOM OF THE 5TH |
Tacoma Fur Traders batting - Pitching for Salem Misfits : RHP José Vargo
|
Batting: RHB Julián Salcido
|
0-0: Called Strike 0-1: SINGLE (Flyball, 8RS)
|
Batting: SHB Artie Hemming
|
0-0: Ball 1-0: Sac Bunt - play at first, batter OUT! 1-4 Julián Salcido to second
|
Batting: RHB Jim Unknown
|
0-0: Called Strike 0-1: Called Strike 0-2: Foul Ball, location: 2F 0-2: Ball 1-2: Strikes out swinging
|
Batting: RHB Ronald Hines
|
0-0: Fly out, F7 (Flyball, 7D)
|
Bottom of the 5th over - 0 run(s), 1 hit(s), 0 error(s), 1 left on base; Salem 2 - Tacoma 1 |
TOP OF THE 6TH |
Salem Misfits batting - Pitching for Tacoma Fur Traders : RHP Pete Elliott
|
Batting: RHB Steve Duncan
|
0-0: Called Strike 0-1: Called Strike 0-2: Strikes out looking
|
Batting: RHB Luis Martínez
|
0-0: Fly out, F8 (Line Drive, 8RM)
|
Batting: SHB Arturo Romero
|
0-0: Ball 1-0: Fly out, F6 (Line Drive, 6M)
|
Top of the 6th over - 0 run(s), 0 hit(s), 0 error(s), 0 left on base; Salem 2 - Tacoma 1 |
BOTTOM OF THE 6TH |
Tacoma Fur Traders batting - Pitching for Salem Misfits : RHP José Vargo
|
Batting: RHB Mike Daniels
|
0-0: Ball 1-0: Ball 2-0: Ball 3-0: Base on Balls
|
Batting: SHB Jim Unknown
|
0-0: Foul Ball, location: 2F 0-1: Ball 1-1: Called Strike 1-2: Fly out, F5 (Line Drive, 5)
|
Batting: RHB Jim Unknown
|
0-0: SINGLE (Line Drive, 56D) Mike Daniels to second
|
Batting: SHB Jim Unknown
|
0-0: Called Strike 0-1: Ball 1-1: Fly out, F6 (Popup, 56D)
|
Batting: RHB Gonzalo Manuel
|
0-0: Ball 1-0: Called Strike 1-1: Called Strike 1-2: Foul Ball, location: 2F 1-2: Ball 2-2: Foul Ball, location: 2F 2-2: SINGLE (Groundball, 6MD) Mike Daniels to third Jim Unknown to second Runner from 3rd tries for Home, SAFE, no throw or cutoff
|
Batting: RHB Julián Salcido
|
0-0: Foul Ball, location: 2F 0-1: Called Strike 0-2: Ball 1-2: Ball 2-2: Strikes out swinging
|
Bottom of the 6th over - 1 run(s), 2 hit(s), 0 error(s), 2 left on base; Salem 2 - Tacoma 2 |
TOP OF THE 7TH |
Salem Misfits batting - Pitching for Tacoma Fur Traders : RHP Pete Elliott
|
Batting: RHB Héctor Cantú
|
0-0: Ball 1-0: Fly out, F4 (Popup, 4D)
|
Batting: RHB Jim Unknown
|
0-0: Foul Ball, location: 2F 0-1: Swinging Strike 0-2: Ball 1-2: Ball 2-2: Ball 3-2: Foul Ball, location: 2F 3-2: Foul Ball, location: 2F 3-2: Foul Ball, location: 2F 3-2: Strikes out swinging
|
Batting: LHB Jim Unknown
|
0-0: Ball 1-0: Ground out 6-3 (Groundball, 6M)
|
Top of the 7th over - 0 run(s), 0 hit(s), 0 error(s), 0 left on base; Salem 2 - Tacoma 2 |
BOTTOM OF THE 7TH |
Tacoma Fur Traders batting - Pitching for Salem Misfits : RHP José Vargo
|
Pinch Hitting: RHB Jim Unknown
|
0-0: Ground out 6-3 (Groundball, 6)
|
Batting: RHB Jim Unknown
|
0-0: Swinging Strike 0-1: Swinging Strike 0-2: Fly out, F9 (Flyball, 9M)
|
Batting: RHB Ronald Hines
|
0-0: Called Strike 0-1: Ball Error on foul ball, E2 1-2: Foul Ball, location: 2F 1-2: Strikes out swinging
|
Bottom of the 7th over - 0 run(s), 0 hit(s), 1 error(s), 0 left on base; Salem 2 - Tacoma 2 |
TOP OF THE 8TH |
Salem Misfits batting - Pitching for Tacoma Fur Traders : RHP Pete Elliott
|
Now at 1B: Jim Unknown
|
|
Batting: RHB Jim Unknown
|
0-0: Swinging Strike 0-1: Foul Ball, location: 2F 0-2: Ground out 4-3 (Groundball, 4)
|
Pitching: LHP Steve Adkins
|
|
Batting: SHB Emílio Gonzáles
|
0-0: Ball 1-0: Swinging Strike 1-1: Fly out, F9 (Flyball, 9LS)
|
Pinch Hitting: RHB Jim Unknown
|
0-0: Ball 1-0: Fly out, F9 (Flyball, 89S)
|
Top of the 8th over - 0 run(s), 0 hit(s), 0 error(s), 0 left on base; Salem 2 - Tacoma 2 |
BOTTOM OF THE 8TH |
Tacoma Fur Traders batting - Pitching for Salem Misfits : RHP José Vargo
|
Now at 1B: Jim Unknown
|
|
Batting: RHB Mike Daniels
|
0-0: Swinging Strike 0-1: Ball 1-1: Ball 2-1: Ball 3-1: Called Strike 3-2: DOUBLE (Groundball, 5L)
|
Batting: SHB Jim Unknown
|
0-0: Swinging Strike 0-1: Fly out, F7 (Flyball, 78M)
|
Batting: RHB Jim Unknown
|
0-0: Intentional Walk
|
Batting: SHB Jim Unknown
|
0-0: Ball 1-0: SINGLE (Line Drive, 34) Mike Daniels to third Jim Unknown to second
|
Batting: RHB Gonzalo Manuel
|
0-0: Called Strike 0-1: Called Strike 0-2: Fly out, F6 (Flyball, 7S)
|
Batting: RHB Julián Salcido
|
0-0: SINGLE (Line Drive, 8RS) Mike Daniels scores Jim Unknown to third Jim Unknown to second
|
Batting: LHB Jim Unknown
|
0-0: Ball 1-0: Ball 2-0: Ball 3-0: Called Strike 3-1: Base on Balls Jim Unknown scores Jim Unknown to third Julián Salcido to second
|
Batting: RHB Jim Unknown
|
0-0: Swinging Strike 0-1: Ball 1-1: Ball 2-1: Ground out 5-3 (Groundball, 5)
|
Bottom of the 8th over - 2 run(s), 3 hit(s), 0 error(s), 3 left on base; Salem 2 - Tacoma 4 |
TOP OF THE 9TH |
Salem Misfits batting - Pitching for Tacoma Fur Traders : LHP Steve Adkins
|
Pitching: RHP Luis Fernández
|
|
Batting: RHB Steve Duncan
|
0-0: Ball 1-0: Ball 2-0: Ball 3-0: Base on Balls
|
Pinch Hitting: LHB Jim Unknown
|
0-0: Ball 1-0: Ball 2-0: Called Strike 2-1: Ball 3-1: Grounds into double play, 6-4-3 (Groundball, 6)
|
Batting: SHB Arturo Romero
|
0-0: Called Strike 0-1: Ball 1-1: Ball 2-1: Ball 3-1: Base on Balls
|
Batting: RHB Héctor Cantú
|
0-0: Foul Ball, location: 2F 0-1: Ball 1-1: Foul Ball, location: 2F 1-2: SINGLE (Line Drive, 78S) Arturo Romero to second
|
Pinch Runner at 2nd Jim Unknown:
|
|
Batting: RHB Jim Unknown
|
0-0: 3-RUN HOME RUN (Flyball, 78XD), Distance : 441 ft
|
Pitching: RHP Jim Unknown
|
|
Batting: LHB Jim Unknown
|
0-0: Ball 1-0: Ball 2-0: Ball 3-0: Called Strike 3-1: SOLO HOME RUN (Flyball, 89XD), Distance : 420 ft
|
Batting: RHB Jim Unknown
|
0-0: SINGLE (Line Drive, 89M)
|
Batting: SHB Emílio Gonzáles
|
0-0: Ball 1-0: Ball 2-0: Foul Ball, location: 2F 2-1: Swinging Strike 2-2: Ball 3-2: Foul Ball, location: 2F 3-2: SINGLE (Groundball, 34) Jim Unknown to second Jim Unknown to third
|
Batting: RHB Jim Unknown
|
0-0: Ball 1-0: Swinging Strike 1-1: Ball 2-1: Called Strike 2-2: Foul Ball, location: 2F 2-2: Strikes out swinging
|
Top of the 9th over - 4 run(s), 5 hit(s), 0 error(s), 2 left on base; Salem 6 - Tacoma 4 |
BOTTOM OF THE 9TH |
Tacoma Fur Traders batting - Pitching for Salem Misfits : RHP José Vargo
|
Pitching: RHP Sean LeBlanc
|
|
Now at 2B: Jim Unknown
|
|
Now in LF: Jim Unknown
|
|
Batting: RHB Ronald Hines
|
0-0: Ball 1-0: Called Strike 1-1: Foul Ball, location: 2F 1-2: Ball 2-2: Fly out, F8 (Line Drive, 78M)
|
Batting: RHB Mike Daniels
|
0-0: Called Strike 0-1: Ball 1-1: Ball 2-1: Ball 3-1: Foul Ball, location: 2F 3-2: Base on Balls
|
Batting: SHB Jim Unknown
|
0-0: Ball 1-0: SINGLE (Line Drive, 78M) Mike Daniels to second
|
Batting: RHB Jim Unknown
|
0-0: Called Strike 0-1: Foul Ball, location: 2F 0-2: Ground out 4-3 (Groundball, 4M) Mike Daniels to third Jim Unknown to second
|
Batting: SHB Jim Unknown
|
0-0: Ball 1-0: Called Strike 1-1: Ball 2-1: Ball 3-1: Base on Balls
|
Batting: RHB Gonzalo Manuel
|
0-0: Ball 1-0: Foul Ball, location: 2F 1-1: Ball 2-1: Fly out, F9 (Flyball, 9M)
|
Bottom of the 9th over - 0 run(s), 1 hit(s), 0 error(s), 3 left on base; Salem 6 - Tacoma 4 |
|